 Dungeon Crawl Stone Soup version 0.20.1-1-g8b1a95d (webtiles) character file.

976 kae the Insei (level 7, 0/55 HPs)
             Began as a Demonspawn Gladiator on Sept 14, 2017.
             Was a Follower of Okawaru.
             Succumbed to an adder's poison
             ... on level 7 of the Dungeon.
             The game lasted 00:06:49 (6665 turns).

kae the Insei (Demonspawn Gladiator)                Turns: 6665, Time: 00:06:49

Health: 0/55       AC:  5    Str: 17    XL:     7   Next: 95%
Magic:  10/10      EV: 17    Int:  9    God:    Okawaru [*.....]
Gold:   243        SH:  0    Dex: 16    Spells: 6/6 levels left

rFire    + . .     SeeInvis .     - Unarmed
rCold    . . .     Gourm    .   (no shield)
rNeg     . . .     Faith    .   a - +0 leather armour
rPois    .         Spirit   .   m - +1 helmet
rElec    .         Reflect  .   (no cloak)
rCorr    .         Harm     .   (no gloves)
MR       .....                  (no boots)
Stlth    ++++......             k - amulet of magic regeneration
Regen    0.2/turn               (no ring)
MPRegen  0.2/turn               (no ring)

@: lethally poisoned (0 -> -3), heroism
A: fire resistance 1, nightstalker 1, powered by pain 2, strong 1
a: Heroism, Renounce Religion


You were on level 7 of the Dungeon.
You worshipped Okawaru.
Okawaru was aware of your devotion.
You were hungry.

You visited 1 branch of the dungeon, and saw 7 of its levels.

You collected 243 gold pieces.

Inventory:

Missiles
 c - 3 throwing nets (quivered)
Armour
 a - a +0 leather armour (worn)
 b - a +0 helmet
 m - a +1 helmet (worn)
 s - a +0 pair of gloves
Jewellery
 k - an amulet of magic regeneration (around neck)
Wands
 w - a wand of iceblast (5/15)
 y - a wand of flame (19/48)
Scrolls
 e - a scroll of fog
 n - 2 scrolls of teleportation
 p - a scroll of immolation
 q - 2 scrolls of remove curse
Potions
 h - a potion of invisibility
 o - 2 potions of berserk rage
 z - 2 potions of agility
Comestibles
 d - 7 bread rations
 f - 3 fruits
 g - 2 royal jellies
 i - a chunk of flesh


   Skills:
 + Level 4.8(9.8) Fighting
 - Level 1.7(6.7) Throwing
 - Level 2.6(7.6) Dodging
 * Level 6.9(11.9) Unarmed Combat
 + Level 4.9 Invocations


You had 6 spell levels left.
You didn't know any spells.

Dungeon Overview and Level Annotations

Branches:
Dungeon (7/15)             Temple (0/1) D:4

Altars:
Ashenzari
Kikubaaqudgha
Nemelex Xobeh
Okawaru
Qazlal
Ru
Sif Muna
Trog


Innate Abilities, Weirdness & Mutations

You are slightly more attuned to the shadows.
You sometimes gain power by taking damage.
Your flesh is heat resistant. (rF+)
Your muscles are strong. (Str +2)


Message History

Something shocks you.
* * * LOW HITPOINT WARNING * * *
You completely miss something. You closely miss something.
You feel sick. Something barely misses you.
You miss something. Something barely misses you.
You closely miss something. Something hits you.
* * * LOW HITPOINT WARNING * * *
Something shocks you.
* * * LOW HITPOINT WARNING * * *
You completely miss something.
You feel sick.
You miss something. Something hits you but does no damage.
You closely miss something.
You feel sick. Something barely misses you.
You hit something. Something hits you.
* * * LOW HITPOINT WARNING * * *
Something shocks you.
* * * LOW HITPOINT WARNING * * *
You hit something. Something hits you but does no damage.
Okay, then.
You hit something.
You die...

#############
#...........#
#...........#
#..........>#
#..<...{...#
#.....@....#
#....###...#
#....# ..#
....... .+
......... #
.........
.##+#####


There were no monsters in sight!

Vanquished Creatures
  Eustachio (D:6)
  An orc warrior (D:6)
  An ogre (D:6)
  2 bullfrogs (D:6)
  A water moccasin skeleton (D:5)
  A bullfrog zombie (D:6)
  A crimson imp (D:6)
  2 bullfrog skeletons
  3 orc wizards
  4 worker ants
  A worker ant zombie (D:6)
  8 adders
  3 shadow imps
  An ooze (D:1)
  An adder skeleton (D:4)
  4 worms
  A dart slug (D:1)
  5 leopard geckos
  7 orcs
  6 giant cockroaches
  7 goblins
  7 hobgoblins
  7 jackals
  6 kobolds
  3 bats
  5 frilled lizards
  A jackal skeleton (D:6)
  5 rats
95 creatures vanquished.

Vanquished Creatures (others)
  A howler monkey (D:6)
1 creature vanquished.

Grand Total: 96 creatures vanquished

Notes
Turn   | Place    | Note
-------+----------+-------------------------------------------
     0 | D:1      | kae the Demonspawn Gladiator began the quest for the Orb.
     0 | D:1      | Reached XP level 1. HP: 16/16 MP: 1/1
   161 | D:1      | Reached skill level 3 in Unarmed Combat
   449 | D:1      | Gained mutation: You are slightly more attuned to the shadows. [demonic ancestry]
   449 | D:1      | Reached XP level 2. HP: 19/22 MP: 2/2
   962 | D:2      | Reached XP level 3. HP: 28/28 MP: 3/3
   963 | D:2      | Found a sparkling altar of Nemelex Xobeh.
  1611 | D:2      | Reached skill level 4 in Unarmed Combat
  1670 | D:2      | Gained mutation: You sometimes gain a little power by taking damage. [demonic ancestry]
  1670 | D:2      | Reached XP level 4. HP: 16/34 MP: 4/4
  1968 | D:2      | Found an iron altar of Okawaru.
  2035 | D:2      | Became a worshipper of Warmaster Okawaru
  3009 | D:4      | Found a staircase to the Ecumenical Temple.
  3125 | D:4      | Reached skill level 1 in Invocations
  3434 | D:4      | Reached XP level 5. HP: 19/41 MP: 4/6
  4194 | D:5      | Entered Level 5 of the Dungeon
  4273 | D:5      | Found a stormy altar of Qazlal.
  4414 | D:5      | Reached skill level 5 in Unarmed Combat
  4523 | D:5      | Gained mutation: You sometimes gain power by taking damage. [demonic ancestry]
  4523 | D:5      | Reached XP level 6. HP: 35/47 MP: 7/7
  5250 | D:6      | Noticed Eustachio
  5251 | D:6      | Noticed an orc warrior
  5258 | D:6      | Reached * piety under Okawaru
  5272 | D:6      | Gained mutation: Your flesh is heat resistant. (rF+) [potion of mutation]
  5272 | D:6      | Gained mutation: Your muscles are strong. (Str +2) [potion of mutation]
  5278 | D:6      | Killed an orc warrior
  5316 | D:6      | HP: 2/48 [bullfrog (5)]
  5319 | D:6      | Reached skill level 6 in Unarmed Combat
  5319 | D:6      | Reached XP level 7. HP: 3/54 MP: 9/9
  6160 | D:6      | Found a bloodstained altar of Trog.
  6164 | D:6      | Found a sacrificial altar of Ru.
  6172 | D:6      | Found a shattered altar of Ashenzari.
  6174 | D:6      | Found a deep blue altar of Sif Muna.
  6194 | D:6      | Found an ancient bone altar of Kikubaaqudgha.
  6477 | D:6      | Killed Eustachio
  6663 | D:7      | HP: 1/55 [something (5)]
  6665 | D:7      | Succumbed to an adder's poison

Skill      XL: |  1  2  3  4  5  6  7 |
---------------+----------------------+-----
Unarmed Combat | 3 4 5 6 |  6.9
Fighting       | 3 4 |  4.8
Invocations    | 1 2 3 4 |  4.9
Throwing       | |  1.7
Dodging        | |  2.6

Action                   |  1- 3 |  4- 6 |  7- 9 || total
-------------------------+-------+-------+-------++-------
Melee: Unarmed           |   146 |   279 |   111 ||   536
       Punch             |       |     7 |     4 ||    11
Invok: Heroism           |       |       |     3 ||     3
  Use: Scroll            |       |    10 |     1 ||    11
       Potion            |       |    10 |       ||    10
 Stab: Sleeping          |     2 |     3 |       ||     5
       Distracted        |       |     1 |       ||     1
       Invisible         |       |     4 |       ||     4
  Eat: Chunk             |     2 |    12 |     4 ||    18
Armor: Leather armour    |    43 |    88 |    26 ||   157
Dodge: Dodged            |    73 |   297 |    52 ||   422
